AoeStats
← SlightlySaltedCamelCrisps

Nomad

509714161Analyzed
2v2 RM · 6d ago on Sep 27, 2026· 23m 31s· 4 players
Game mode
Random Map
Map size
176×176
Population
200
Speed
Normal
Resources
Standard
Victory
Conquest
Starting age
Dark Age
Ending age
Imperial Age
RankedLock teamsTeams togetherTeam positionsShared explorationLock speedFull tech treeHidden civsTurbo modeCheats
Victory
Defeat
1164
+14
🇩🇪 Vietnamese · Germany
1163
+15
🇺🇸 Shu · United States
1132
-15
🇺🇸 Persians · United States
1130
-14
AstroBoy1741
14:05 Feudal Age
15:02 Double-Bit Axe
15:36 Horse Collar
18:21 Castle Age
16:47 Loom
19:37 Bow Saw
19:34 Gold Mining
EasyStreet
5:11 Loom
14:12 Feudal Age
15:51 Double-Bit Axe
17:06 Wheelbarrow
SlightlySaltedCamelCrisps
5:27 Loom
15:41 Feudal Age
16:35 Town Watch
18:08 Double-Bit Axe
21:15 Castle Age
jimima
4:56 Loom
14:04 Feudal Age
18:28 Castle Age
16:22 Stone Mining
17:18 Fletching
18:20 Horse Collar
19:08 Bodkin Arrow
19:28 Pikeman
Connection lost

Rejoining the realm…

Still unreachable

The connection could not be restored.

Session expired

The server has moved on; the page needs a fresh start.